 Dungeon Crawl Stone Soup version 0.21.1-1-g345015f (webtiles) character file.

6358 troglodite the Protected (level 10, -4/79 HPs)
             Began as a Demonspawn Berserker on June 19, 2018.
             Was an Elder of Trog.
             Slain by a troll (12 damage)
             ... on level 10 of the Dungeon.
             The game lasted 00:27:14 (14236 turns).

troglodite the Protected (Demonspawn Berserker)    Turns: 14236, Time: 00:27:15

Health: -4/79      AC: 12    Str: 15    XL:     10   Next: 65%
Magic:  10/10      EV:  3    Int: 10    God:    Trog [****..]
Gold:   384        SH:  3    Dex: 13    Spells: 9/9 levels left

rFire    + + +     SeeInvis .   g - +5 mace of a labyrinth {crush, +Inv rF+++ Str-2 Dex-2}
rCold    . . .     Gourm    .   q - +0 buckler
rNeg     . . .     Faith    .   C - +0 plate armour
rPois    .         Spirit   .   (helmet restricted)
rElec    .         Reflect  .   k - scarf {repulsion}
rCorr    +         Harm     .   l - +0 pair of gloves
MR       .....                  x - +0 pair of boots
Stlth    ..........             (no amulet)
HPRegen  0.23/turn              i - ring of resist corrosion
MPRegen  0.12/turn              h - ring of flight

@: lethally poisoned (-4 -> -6), berserk cooldown, slowed, extremely drained,
repel missiles, very slow
A: horns 1, powered by death 2, rot immunity
a: Berserk, Trog's Hand, Brothers in Arms, Burn Spellbooks, Renounce Religion,
Evoke Invisibility, Evoke Flight


You were on level 10 of the Dungeon.
You worshipped Trog.
Trog was greatly pleased with you.
You were near starving.

You visited 1 branch of the dungeon, and saw 10 of its levels.
You also visited: Sewer.

You collected 560 gold pieces.
You spent 176 gold pieces at shops.

Inventory:

Hand Weapons
 a - a +0 falchion
 g - the +5 mace of a labyrinth (weapon) {crush, +Inv rF+++ Str-2 Dex-2}
   (You bought it in a shop on level 6 of the Dungeon)

   It inflicts extra damage upon your enemies.
   It affects your strength (-2).
   It affects your dexterity (-2).
   It renders you almost immune to fire.
   It lets you turn invisible.
Armour
 k - a scarf of repulsion (worn)
 l - a +0 pair of gloves (worn)
 q - a +0 buckler (worn)
 x - a +0 pair of boots (worn)
 C - a +0 plate armour (worn)
Jewellery
 h - a ring of flight (right hand)
 i - a ring of resist corrosion (left hand)
 F - an uncursed amulet of magic regeneration {unknown}
Wands
 y - a wand of polymorph (12)
 A - a wand of enslavement (14)
Scrolls
 b - 2 scrolls of blinking
 j - a scroll of magic mapping {unknown}
 p - 3 scrolls of fear {unknown}
 s - 3 scrolls of teleportation
 B - 2 scrolls of identify
 D - a scroll of fog
 E - a scroll of summoning {unknown}
 G - a scroll of silence {unknown}
Potions
 d - 3 potions of agility
 e - 2 potions of haste
 f - 3 potions of curing
 m - 2 potions of cancellation
 n - 3 potions of might
 o - 3 potions of brilliance
 r - a potion of mutation {unknown}
 t - a potion of invisibility
 u - 2 potions of heal wounds
 v - 3 potions of flight
 w - 2 potions of degeneration {unknown}
 z - a potion of resistance {unknown}
Comestibles
 c - 15 rations


   Skills:
 * Level 7.5(0.0) Fighting
 + Level 5.2(0.0) Long Blades
 + Level 5.6(0.0) Maces & Flails
 * Level 8.4(0.0) Armour
 * Level 5.7(0.0) Dodging
 + Level 0.3(0.0) Stealth
 * Level 5.2(0.0) Shields


You had 9 spell levels left.
You didn't know any spells.

Dungeon Overview and Level Annotations

Branches:
Dungeon (10/15)            Temple (0/1) D:5            Lair (0/6) D:8
    Orc: D:9-12

Altars:
Dithmenos
Elyvilon
Makhleb
Okawaru
Yredelemnul

Shops:
D:6 (   D:7 *   D:9 (

Annotations:
D:8 tidbits's ghost, novice GnEn


Innate Abilities, Weirdness & Mutations

You have a pair of small horns on your head.
You regenerate health from kills.
You are immune to rotting.


Message History

Your ogre barely misses the troll.
The troll bites your ogre!
Your ogre dies!
Your ogre's corpse disappears in a puff of smoke!
You feel sick.
You feel sick.
You feel sick.
Your shield and plate armour prevent you from hitting the troll.
You headbutt the troll, but do no damage.
You feel sick. The troll bites you. The troll claws you.
The troll claws you but does no damage. You block the troll's attack. x2
The troll claws you but does no damage.
Your plate armour prevents you from hitting the troll.
You feel sick. The troll bites you!
* * * LOW HITPOINT WARNING * * *
The troll claws you!
* * * LOW HITPOINT WARNING * * *
The troll claws you.
* * * LOW HITPOINT WARNING * * *
The troll bites you!
You die...

...........#
...........#
...........#
...........#
...........#
...........#
######.....#
#.....#
#..T@.#
#.....#
#.....#
#.....#
+.....#
#.....#
#.....#
#.....#
#.....#


You could see a troll.

Vanquished Creatures
  The ghost of Evaline the Basher, a journeyman HOFi of Okawaru (D:7)
  Psyche (D:8)
  A troll (D:8)
  Sigmund (D:2)
  4 hogs (D:7)
  A human (D:7)
  The ghost of Inarius the Chiller, an amateur OpIE of Vehumet (D:3)
  Duvessa (D:7)
  3 orc warriors (D:7)
  A sky beast (D:7)
  7 ice beasts
  A black bear (D:7)
  A phantom (D:8)
  An ogre (D:5)
  2 wolves
  2 big kobolds (D:8)
  A bullfrog (D:8)
  A gnoll sergeant (D:6)
  Dowan (D:7)
  2 scorpions
  8 killer bees
  A centaur zombie (D:8)
  2 electric eels (D:8)
  3 crimson imps
  A quasit (D:8)
  8 hounds
  4 jellies
  A bullfrog skeleton (D:7)
  A centaur skeleton (D:6)
  7 orc priests
  Jessica (D:2)
  7 orc wizards
  4 worker ants
  3 hound skeletons
  14 gnolls
  6 adders
  A shadow imp (D:6)
  3 oozes (Sewer)
  2 adder skeletons
  5 worms
  A dart slug (D:4)
  4 leopard geckos
  22 orcs
  3 ball pythons (Sewer)
  6 giant cockroaches
  5 goblins
  6 hobgoblins
  22 jackals
  6 quokkas
  A ball python zombie (D:6)
  15 bats
  5 frilled lizards
  18 kobolds
  A quokka skeleton (D:7)
  A quokka zombie (D:7)
  9 rats
241 creatures vanquished.

Vanquished Creatures (collateral kills)
  An acid dragon (D:7)
  A hornet zombie (D:8)
  An ice beast (D:10)
  A centaur (D:7)
  A killer bee (D:10)
5 creatures vanquished.

Grand Total: 246 creatures vanquished

Notes
Turn   | Place    | Note
-------+----------+-------------------------------------------
     0 | D:1      | troglodite the Demonspawn Berserker began the quest for the Orb.
     0 | D:1      | Reached XP level 1. HP: 18/18 MP: 1/1
   134 | D:1      | Reached skill level 2 in Armour
   211 | D:1      | Gained mutation: You regenerate a little health from kills. [demonic ancestry]
   211 | D:1      | Reached XP level 2. HP: 23/24 MP: 2/2
   724 | D:2      | Noticed Jessica
   736 | D:2      | Killed Jessica
   736 | D:2      | Reached XP level 3. HP: 27/29 MP: 3/3
  1028 | D:2      | Reached ** piety under Trog
  1164 | D:2      | Noticed Sigmund
  1176 | D:2      | Killed Sigmund
  1176 | D:2      | Reached skill level 3 in Armour
  1176 | D:2      | Reached XP level 4. HP: 32/37 MP: 4/4
  1176 | D:2      | Gained mutation: You have a pair of small horns on your head. [demonic ancestry]
  1176 | D:2      | Reached XP level 5. HP: 36/42 MP: 5/5
  1608 | D:3      | Found a faded altar of an unknown god.
  2196 | D:3      | Reached XP level 6. HP: 23/49 MP: 6/6
  2444 | D:3      | Noticed Inarius's ghost (amateur OpIE)
  2450 | D:3      | Killed Inarius's ghost
  2481 | D:3      | Reached skill level 4 in Armour
  2954 | D:4      | Found a burning altar of Makhleb.
  2964 | D:4      | Found a basalt altar of Yredelemnul.
  2964 | D:4      | Found a white marble altar of Elyvilon.
  2973 | D:4      | Reached skill level 1 in Shields
  3281 | D:4      | Gained mutation: You are immune to rotting. [demonic ancestry]
  3281 | D:4      | Reached XP level 7. HP: 48/55 MP: 7/7
  4299 | D:5      | Entered Level 5 of the Dungeon
  4468 | D:5      | Found a glowing drain.
  4511 | D:5      | Reached *** piety under Trog
  4540 | Sewer    | Entered a sewer
  5261 | D:5      | Reached skill level 5 in Fighting
  5701 | D:5      | Found a staircase to the Ecumenical Temple.
  6485 | D:5      | Reached skill level 5 in Armour
  6486 | D:5      | Reached XP level 8. HP: 62/62 MP: 8/8
  6944 | D:6      | Reached skill level 5 in Long Blades
  6994 | D:6      | Found Sopuro's Antique Weapon Shop.
  7000 | D:6      | Bought a dazzling mace for 176 gold pieces
  7000 | D:6      | Identified the +5 mace of a labyrinth {crush, +Inv rF+++ Str-2 Dex-2} (You bought it in a shop on level 6 of the Dungeon)
  7077 | D:6      | Found a shadowy altar of Dithmenos.
  7212 | D:6      | Reached **** piety under Trog
  7367 | D:6      | Reached skill level 1 in Maces & Flails
  7859 | D:6      | Found an iron altar of Okawaru.
  8243 | D:7      | Noticed Evaline's ghost (journeyman HOFi)
  8833 | D:7      | Reached skill level 6 in Armour
  8833 | D:7      | Reached XP level 9. HP: 36/69 MP: 9/9
  9135 | D:7      | Found Netu Ada's Assorted Antiques.
  9197 | D:7      | Noticed Duvessa
  9197 | D:7      | Noticed Dowan
  9204 | D:7      | Killed Duvessa
  9209 | D:7      | Killed Dowan
  9739 | D:7      | Killed Evaline's ghost
  9739 | D:7      | Reached skill level 7 in Armour
  9739 | D:7      | Reached skill level 5 in Dodging
 10025 | D:7      | Gained mutation: You regenerate health from kills. [demonic ancestry]
 10025 | D:7      | Reached XP level 10. HP: 77/77 MP: 10/10
 10031 | D:7      | Reached skill level 5 in Maces & Flails
 11056 | D:8      | Found a staircase to the Lair.
 11083 | D:8      | Reached skill level 5 in Shields
 11130 | D:8      | Reached skill level 8 in Armour
 11687 | D:8      | Noticed tidbits's ghost (novice GnEn)
 12132 | D:8      | Found a shadowy altar of Dithmenos.
 12401 | D:8      | Noticed Psyche
 12413 | D:8      | Killed Psyche
 13630 | D:9      | Found Zougutz's Weapon Shop.
 14176 | D:10     | Entered Level 10 of the Dungeon
 14236 | D:10     | Slain by a troll

Skill      XL: |  1  2  3  4  5  6  7  8  9 10 |
---------------+-------------------------------+-----
Armour         | 2 3 4 5 6 7 8 |  8.4
Dodging        | 2 3 4 5 |  5.7
Long Blades    | 3 4 5 |  5.2
Fighting       | 4 5 6 7 |  7.5
Shields        | 1 2 3 4 5 |  5.2
Maces & Flails | 3 4 5 |  5.6
Stealth        | |  0.3

Action                   |  1- 3 |  4- 6 |  7- 9 | 10-12 || total
-------------------------+-------+-------+-------+-------++-------
Melee: Falchion          |    62 |   140 |   251 |       ||   453
       Headbutt          |       |    29 |    98 |    28 ||   155
       Mace              |       |       |   230 |   278 ||   508
Invok: Berserk           |     2 |     3 |    12 |    10 ||    27
       Brothers in Arms  |       |       |     1 |     2 ||     3
       Burn Spellbooks   |       |       |     1 |       ||     1
       Trog's Hand       |       |       |       |     1 ||     1
  Use: Scroll            |       |       |    13 |     2 ||    15
       Potion            |       |       |     2 |     2 ||     4
  Eat: Chunk             |     2 |    11 |    26 |     6 ||    45
       Ration            |       |       |     2 |     5 ||     7
Armor: Ring mail         |    19 |    44 |       |       ||    63
       Animal skin       |     1 |       |       |       ||     1
       Chain mail        |       |     8 |   300 |       ||   308
       Plate armour      |       |       |    31 |   320 ||   351
Dodge: Dodged            |    44 |    78 |   215 |   109 ||   446
       Deflected         |       |     1 |     5 |     1 ||     7
Block: Buckler           |       |    22 |   128 |    85 ||   235
       Rpst.: Falchion   |    16 |    26 |    43 |       ||    85
